[Event "Titled Tuesday Blitz May 23 Early 2023"]
[White "Jiganchine, Roman"]
[Black "Acikel, Mert"]
[WhiteFideId "2603667"]
[BlackFideId "12956465"]
[WhiteElo "2297"]
[BlackElo "2097"]
[Result "1/2-1/2"]
[Round "09"]
[TimeControl "180+2"]
[Date "2023.05.23"]
[WhiteClock "0:00:08"]
[BlackClock "0:00:16"]

1. e4 e5 2. Nf3 Nc6 3. Nc3 Nf6 4. Bb5 Bb4 5. O-O O-O 6. Bxc6 dxc6 7. d3 Re8 8. Ne2 h6 9. h3 b6 10. Nh2 Bd6 11. f4 exf4 12. Nxf4 Qe7 13. Qf3 c5 14. a4 Bxf4 15. Bxf4 Be6 16. a5 Nd7 17. Bxc7 Rec8 18. Bf4 Nf8 19. Qg3 Kh8 20. Bd2 Ng6 21. Bc3 b5 22. b3 c4 23. bxc4 bxc4 24. d4 Bd7 25. Rae1 Kh7 26. Kh1 f6 27. Nf3 Qa3 28. e5 fxe5 29. Nxe5 Nxe5 30. Rxe5 Rf8 31. Rfe1 Rf7 32. d5 Qd6 33. Qe3 Bf5 34. Qd4 Rc8 35. a6 Qg6 36. Kh2 Bxc2 37. R5e3 Bd3 38. Rg3 Qf6 39. Qxf6 gxf6 40. d6 Rd8 41. Re7 Rd7 42. Rxf7+ Rxf7 43. Re3 Kg6 44. Re7 Rxe7 45. dxe7 Kf7 46. Bb4 Bf5 47. Kg3 Bc8 48. Kf4 Bxa6 49. Ke3 Bb5 50. Kd4 Ke6 51. Kc5 Be8 52. Kd4 a5 53. Ba3 Bb5 54. Kc5 Ba4 55. Kxc4 Kd7 56. Kd4 Bc6 57. g4 Bg2 58. h4 Bh3 59. g5 fxg5 60. hxg5 hxg5 61. Ke5 Ke8 62. Ke4 Bf1 63. Kf3 Bb5 64. Kg4 Kf7 65. Kxg5 Be8 66. Kf4 Bd7 67. Ke5 Be8 68. Kd6 a4 69. Kc5 Ke6 70. Kb6 Kd7 71. Ka5 Bf7 72. Kb4 Be8 73. Kxa4 Bf7 74. Ka5 Be8 75. Kb6 Bf7 76. Bb4 Be8 77. Bc5 Ke6 78. Bb4 Kd7 79. Bc5 Bf7 80. Bb4 Be8 1/2-1/2


[Site "https://www.chess.com"]

[Event "Titled Tuesday Blitz May 23 Early 2023"]
[White "Brueckner, Thomas"]
[Black "Vargas Rodriguez, Wilver"]
[WhiteFideId "4600452"]
[BlackFideId "3509672"]
[WhiteElo "2322"]
[BlackElo "2246"]
[Result "1/2-1/2"]
[Round "09"]
[TimeControl "180+2"]
[Date "2023.05.23"]
[WhiteClock "0:00:28"]
[BlackClock "0:00:12"]

1. e4 c5 2. Nf3 Nc6 3. d4 cxd4 4. Nxd4 Nf6 5. Nc3 e5 6. Ndb5 d6 7. Bg5 a6 8. Na3 b5 9. Bxf6 gxf6 10. Nd5 f5 11. g3 fxe4 12. Bg2 Bf5 13. c3 Bg7 14. Nc2 O-O 15. g4 Bg6 16. h4 h6 17. Nce3 Ne7 18. Nxe7+ Qxe7 19. Nf5 Bxf5 20. gxf5 Qd7 21. Bxe4 d5 22. Qxd5 Qxd5 23. Bxd5 Rad8 24. O-O-O Kh7 25. Rhg1 Bf6 26. h5 Bg5+ 27. Kc2 f6 28. Bb7 a5 29. Ba6 b4 30. Rxd8 Rxd8 31. Rd1 Rxd1 32. Kxd1 bxc3 33. bxc3 Kg7 34. Kc2 Kf8 35. Kd3 Ke7 36. Kc4 Bd2 37. Kd3 Be1 38. f3 Kd6 39. Kc4 Kc6 40. Bb5+ Kb6 41. a4 Kc7 42. Be8 Kd6 43. Kd3 Bg3 44. Kc4 Be1 45. Kd3 Bg3 46. Bb5 Be1 47. Kc2 Kc5 48. Kd3 Bg3 49. Bc4 Be1 50. Bf7 Bg3 51. Ke4 Be1 52. Kd3 Bg3 53. Be8 Be1 54. Bb5 Bg3 55. Ke4 Be1 56. c4 Bg3 57. Ke3 Bf4+ 58. Kf2 Bg5 59. Kg3 Bf4+ 60. Kg4 Bg5 61. Kh3 Bf4 62. Kg2 Bg5 63. Kf2 Bf4 64. Ke2 Bg5 65. Kd3 Bf4 66. Ke4 Bg5 67. Kd3 Bf4 68. Kc3 Bg5 69. Kd3 1/2-1/2


[Site "https://www.chess.com"]

[Event "Titled Tuesday Blitz May 23 Early 2023"]
[White "Blackwhite017"]
[Black "Fiedorek, Michal"]
[BlackFideId "1199528"]
[WhiteElo "2100"]
[BlackElo "2135"]
[Result "0-1"]
[Round "09"]
[TimeControl "180+2"]
[Date "2023.05.23"]
[WhiteClock "0:00:04"]
[BlackClock "0:00:02"]

1. e4 d5 2. exd5 Qxd5 3. Nc3 Qd6 4. Nb5 Qb6 5. Nf3 c6 6. Nc3 Nf6 7. h3 Bf5 8. Bc4 e6 9. d3 Bd6 10. Bb3 Nbd7 11. Be3 Qc7 12. Qd2 O-O-O 13. Nd4 Bg6 14. Ndb5 cxb5 15. Nxb5 Nd5 16. Nxc7 Bxc7 17. Bxd5 exd5 18. O-O Kb8 19. Bf4 Rhe8 20. Bxc7+ Kxc7 21. Rfe1 f6 22. Qa5+ Kb8 23. Qxd5 Ne5 24. Qb5 a6 25. Qa4 Ka7 26. Re3 b5 27. Qb3 Rc8 28. Rae1 Red8 29. f4 Nc6 30. c3 Rd7 31. d4 Rcc7 32. g4 Na5 33. Qd1 Nc4 34. R3e2 Bf7 35. f5 h5 36. b3 Nd6 37. c4 bxc4 38. bxc4 Nxc4 39. Rc2 hxg4 40. hxg4 Rb7 41. Qc1 Nd6 42. Rc5 g6 43. fxg6 Bxg6 44. g5 fxg5 45. Rxg5 Bd3 46. Rc5 Bb5 47. Re6 Rg7+ 48. Kf2 Rbf7+ 49. Ke1 Nb7 50. Qc3 Rf1+ 51. Kd2 Rg2+ 52. Re2 Rxe2# 0-1


[Site "https://www.chess.com"]

[Event "Titled Tuesday Blitz May 23 Early 2023"]
[White "Coelho, Ramyres Santana"]
[Black "Petrova, Irina"]
[WhiteFideId "2120690"]
[BlackFideId "14124122"]
[WhiteElo "1888"]
[BlackElo "2084"]
[Result "0-1"]
[Round "09"]
[TimeControl "180+2"]
[Date "2023.05.23"]
[WhiteClock "0:01:01"]
[BlackClock "0:02:00"]

1. e4 d6 2. d4 Nf6 3. Nc3 e5 4. dxe5 dxe5 5. Qxd8+ Kxd8 6. Bc4 Ke8 7. Bg5 Bb4 8. Bxf6 gxf6 9. O-O-O Bxc3 10. bxc3 Be6 11. Bxe6 fxe6 12. Ne2 Nd7 13. f4 Ke7 14. Rd3 exf4 15. Nxf4 Ne5 16. Rd2 Rhg8 17. g3 Rgd8 18. Rhd1 Rxd2 19. Rxd2 a5 20. Nd3 Nc4 21. Rf2 b6 22. Nb2 Ne5 23. Nd3 Nc4 24. Nb2 Nxb2 25. Kxb2 Rd8 26. Kc1 e5 27. Kb2 Ke6 28. Kb3 Rd1 29. Kc4 Ra1 30. Kb3 Re1 31. Rf5 Kf7 32. g4 Rxe4 33. g5 Rf4 34. Rxf6+ Rxf6 35. gxf6 Kxf6 36. Kc4 Kf5 37. Kd5 e4 38. Kc6 e3 39. Kxc7 e2 40. Kxb6 e1=Q 41. c4 Qb4+ 42. Ka6 Qxc4+ 43. Kxa5 Qxa2+ 44. Kb4 Qxc2 45. Ka3 Qb1 46. h4 Ke5 47. h5 Kd5 48. h6 Kc4 49. Ka4 Qb4# 0-1


[Site "https://www.chess.com"]

[Event "Titled Tuesday Blitz May 23 Early 2023"]
[White "Floresvillar Gonzalez, Luis Migu"]
[Black "Travadon, Loic"]
[WhiteFideId "5100542"]
[BlackFideId "26092131"]
[WhiteElo "2040"]
[BlackElo "2405"]
[Result "1-0"]
[Round "09"]
[TimeControl "180+2"]
[Date "2023.05.23"]
[WhiteClock "0:01:31"]
[BlackClock "0:00:00"]

1. e4 e5 2. Nf3 Nc6 3. d4 exd4 4. Bc4 Nf6 5. e5 d5 6. Bb5 Ne4 7. Nxd4 Bd7 8. Bxc6 bxc6 9. Be3 Bc5 10. O-O Bb6 11. Nd2 Nxd2 12. Qxd2 c5 13. Nf3 d4 14. Bg5 Qb8 15. Rfe1 Qb7 16. c3 Qd5 17. cxd4 cxd4 18. Rad1 c5 19. b4 O-O 20. bxc5 Bxc5 21. Nxd4 Ba4 22. Nf3 Qb7 23. Rb1 Qa6 24. Rbc1 Bb6 25. Qe2 Bb5 26. Qe4 Rfe8 27. Nd4 Bd3 28. Qg4 g6 29. Bf6 Rec8 30. Rxc8+ Rxc8 31. e6 fxe6 32. Qxe6+ 1-0


[Site "https://www.chess.com"]

[Event "Titled Tuesday Blitz May 23 Early 2023"]
[White "Blokhin, Sofia"]
[Black "Guevara Sanchez, Erick Marvin"]
[WhiteFideId "4508190"]
[BlackFideId "6700136"]
[WhiteElo "1994"]
[BlackElo "2040"]
[Result "1/2-1/2"]
[Round "09"]
[TimeControl "180+2"]
[Date "2023.05.23"]
[WhiteClock "0:00:07"]
[BlackClock "0:00:17"]

1. e4 c5 2. Nf3 d6 3. d4 cxd4 4. Nxd4 Nf6 5. Nc3 a6 6. Be3 e5 7. Nb3 Be6 8. f3 h5 9. Qd2 Be7 10. O-O-O Nbd7 11. Kb1 Rc8 12. h3 b5 13. Qf2 b4 14. Nd5 Nxd5 15. exd5 Bf5 16. Bd3 Bxd3 17. Rxd3 f5 18. f4 e4 19. Rdd1 Bf6 20. Nd4 Nc5 21. Nxf5 Na4 22. Bd4 g6 23. Bxf6 Qxf6 24. Nd4 O-O 25. Rhf1 Rc5 26. f5 Rxd5 27. Qe3 gxf5 28. Qb3 Nb6 29. Nxf5 Qe5 30. Rxd5 Nxd5 31. Ne7+ Qxe7 32. Qxd5+ Kg7 33. Re1 e3 34. Qd4+ Qe5 35. Qxe5+ dxe5 36. c3 bxc3 37. bxc3 Rf2 38. Rxe3 Rxg2 39. Rxe5 Rg3 40. Rxh5 Rxc3 41. Kb2 Rg3 42. Rh4 Kf7 43. Rh6 Ke7 44. h4 Rh3 45. h5 Kf7 46. Rh7+ Kf6 47. h6 Kg6 48. Ra7 Kxh6 49. Rxa6+ Kg5 50. Ra8 Kf6 51. a4 Ke6 52. a5 Kd6 53. a6 Kc6 54. a7 Kb7 55. Re8 Kxa7 56. Re7+ Kb6 57. Re6+ Kc5 58. Re5+ Kc4 59. Re7 Rh2+ 60. Kc1 Kc3 61. Rc7+ Kd4 62. Rd7+ Kc4 63. Rc7+ Kd5 64. Rd7+ Kc5 65. Rd3 Kc4 66. Rd2 Rh1+ 67. Kc2 Rh3 68. Re2 Ra3 69. Re4+ Kd5 70. Re8 Ra7 71. Kd3 Rh7 72. Rd8+ Kc6 73. Rc8+ Kd5 74. Rd8+ Ke6 75. Re8+ Kd6 76. Re3 Kd5 77. Rf3 Rh5 78. Rg3 Re5 79. Rg8 Rh5 80. Rd8+ Kc5 81. Rc8+ Kd5 82. Rd8+ Ke6 83. Re8+ Kd7 84. Ra8 Kd6 85. Ra6+ Kc7 86. Ra7+ 1/2-1/2


[Site "https://www.chess.com"]

[Event "Titled Tuesday Blitz May 23 Early 2023"]
[White "Cramling Bellon, Anna"]
[Black "Yanayt, Eugene"]
[WhiteFideId "32009232"]
[BlackFideId "2020165"]
[WhiteElo "1976"]
[BlackElo "2083"]
[Result "0-1"]
[Round "09"]
[TimeControl "180+2"]
[Date "2023.05.23"]
[WhiteClock "0:00:00"]
[BlackClock "0:01:41"]

1. d4 Nf6 2. c4 g6 3. Nc3 Bg7 4. e4 d6 5. h3 O-O 6. Nf3 e5 7. d5 a5 8. Bg5 Na6 9. Be2 h6 10. Be3 Qe8 11. g4 Nc5 12. Qc2 c6 13. O-O-O cxd5 14. cxd5 Bd7 15. Bxc5 dxc5 16. d6 b5 17. Nd5 Nxd5 18. Rxd5 c4 19. Qc3 Bc6 20. Rc5 Bxe4 21. Re1 Rc8 22. Rxc8 Qxc8 23. Bxc4 Bxf3 24. Bxf7+ Kxf7 25. d7 Qxc3+ 26. bxc3 Rd8 27. Rd1 Bxd1 0-1


[Site "https://www.chess.com"]

[Event "Titled Tuesday Blitz May 23 Early 2023"]
[White "Winkels, Marcel"]
[Black "Sovetbekova, Nurai"]
[WhiteFideId "1003887"]
[BlackFideId "13801910"]
[WhiteElo "1900"]
[BlackElo "1857"]
[Result "0-1"]
[Round "09"]
[TimeControl "180+2"]
[Date "2023.05.23"]
[WhiteClock "0:00:12"]
[BlackClock "0:00:08"]

1. e4 c5 2. Nf3 d6 3. Nc3 Nf6 4. g3 Nc6 5. Bg2 e6 6. O-O Be7 7. d3 O-O 8. Re1 a6 9. e5 dxe5 10. Nxe5 Nxe5 11. Rxe5 Qc7 12. Re1 Bd7 13. Bf4 Qc8 14. Ne4 Nxe4 15. Bxe4 Bc6 16. Qf3 Bxe4 17. Rxe4 Bf6 18. Rb1 Qd7 19. Be5 Bxe5 20. Rxe5 Rac8 21. Qe3 c4 22. d4 Qa4 23. Qc3 Qxa2 24. Rbe1 Qa4 25. d5 exd5 26. Rg5 f6 27. Re7 Rf7 28. Rxf7 Kxf7 29. Rxd5 Qc6 30. Qd4 Rc7 31. h4 b5 32. c3 Re7 33. Kh2 a5 34. Rd6 Qe4 35. Qb6 Qc2 36. Kg2 Qxb2 37. Qxa5 Qe2 38. Qxb5 Qe4+ 39. Kh2 Kg6 40. h5+ Kf7 41. Qd5+ Qxd5 42. Rxd5 Re2 43. Rc5 Rxf2+ 44. Kg1 Rc2 45. Rxc4 g6 46. h6 Rc1+ 47. Kg2 Rc2+ 48. Kf3 g5 49. Rc7+ Kg6 50. Rc6 Kxh6 51. Rxf6+ Kg7 52. Rc6 h6 53. c4 Rc3+ 54. Kg4 Kf7 55. Rc7+ Kg6 56. c5 h5+ 57. Kh3 h4 58. Rc6+ Kh5 59. Rc8 Rxg3+ 60. Kh2 Rc3 61. c6 Kg4 62. c7 Rc2+ 63. Kg1 Kg3 64. Rg8 Rc1# 0-1


[Site "https://www.chess.com"]

[Event "Titled Tuesday Blitz May 23 Early 2023"]
[White "Afanasieva, Alexandra"]
[Black "Necula, Iulian"]
[WhiteFideId "34126926"]
[BlackFideId "1232380"]
[WhiteElo "1745"]
[BlackElo "1790"]
[Result "1-0"]
[Round "09"]
[TimeControl "180+2"]
[Date "2023.05.23"]
[WhiteClock "0:00:36"]
[BlackClock "0:00:09"]

1. e4 d6 2. d4 Nf6 3. Nc3 Nbd7 4. Bg5 h6 5. Bh4 e5 6. dxe5 dxe5 7. Bb5 c6 8. Bc4 Be7 9. Nf3 Qc7 10. O-O b5 11. Bb3 b4 12. Ne2 Nxe4 13. Bxe7 Kxe7 14. Re1 Nec5 15. Ng3 Nxb3 16. cxb3 f6 17. Rc1 Rd8 18. Nf5+ Kf8 19. Qc2 c5 20. N3h4 Nb6 21. Qxc5+ Qxc5 22. Rxc5 Bxf5 23. Nxf5 Rd2 24. Rc7 Rxb2 25. Rxg7 Rd8 26. Rh7 Rdd2 27. Rf1 h5 28. Rxh5 Nd5 29. Rh7 Nf4 30. g3 Ne2+ 31. Kg2 Nd4 32. Nxd4 exd4 33. Rc1 Rxa2 34. Rc8# 1-0


[Site "https://www.chess.com"]

[Event "Titled Tuesday Blitz May 23 Early 2023"]
[White "Pg, Mohd Omar Ak Hira"]
[Black "Saim, Mohamed Ilias"]
[WhiteFideId "10500103"]
[BlackFideId "7900465"]
[WhiteElo "2167"]
[BlackElo "2063"]
[Result "1-0"]
[Round "09"]
[TimeControl "180+2"]
[Date "2023.05.23"]
[WhiteClock "0:00:15"]
[BlackClock "0:00:00"]

1. e4 c6 2. d4 d5 3. Nc3 a6 4. Be2 Nf6 5. Bf3 dxe4 6. Nxe4 Bf5 7. Ng3 Bg6 8. N1e2 e6 9. O-O Bd6 10. Bf4 Qc7 11. Bxd6 Qxd6 12. Nc3 Nbd7 13. Nce4 Nxe4 14. Bxe4 Bxe4 15. Nxe4 Qe7 16. c4 Nf6 17. Re1 Rd8 18. d5 cxd5 19. Nxf6+ gxf6 20. Qa4+ Qd7 21. Qb3 d4 22. Rad1 e5 23. f4 Qf5 24. fxe5 fxe5 25. Qxb7 O-O 26. Qxa6 e4 27. Qb5 Qf4 28. b3 Kh8 29. Qc6 e3 30. Qf3 Qh6 31. Rd3 Qh4 32. g3 Rg8 33. Re2 Rg4 34. Kh1 Qh3 35. Qxf7 Rdg8 36. Qf6+ R4g7 37. Rxd4 h6 38. Re4 Kh7 39. R4xe3 1-0


[Site "https://www.chess.com"]

[Event "Titled Tuesday Blitz May 23 Early 2023"]
[White "James, Stuart"]
[Black "Semenova, Alina"]
[WhiteFideId "7400489"]
[BlackFideId "24113875"]
[WhiteElo "1950"]
[BlackElo "1833"]
[Result "0-1"]
[Round "09"]
[TimeControl "180+2"]
[Date "2023.05.23"]
[WhiteClock "0:00:06"]
[BlackClock "0:01:16"]

1. e4 c5 2. Nf3 Nc6 3. Bb5 g6 4. O-O Bg7 5. c3 e5 6. d4 cxd4 7. cxd4 Nxd4 8. Nxd4 exd4 9. e5 Ne7 10. Bg5 Bxe5 11. Re1 f6 12. f4 fxg5 13. Rxe5 O-O 14. Qxd4 Rxf4 15. Qd6 Nf5 16. Bc4+ Kg7 17. Qd5 Qb6+ 18. Qc5 Qxb2 19. Nc3 Qxa1+ 0-1


[Site "https://www.chess.com"]

[Event "Titled Tuesday Blitz May 23 Early 2023"]
[White "Alhadad, Mahmoud"]
[Black "Butolo, Alexandru-Mircea"]
[WhiteFideId "11501863"]
[BlackFideId "1261649"]
[WhiteElo "1955"]
[BlackElo "1850"]
[Result "1-0"]
[Round "09"]
[TimeControl "180+2"]
[Date "2023.05.23"]
[WhiteClock "0:00:06"]
[BlackClock "0:01:07"]

1. e4 c5 2. Nc3 a6 3. f4 b5 4. d4 cxd4 5. Qxd4 Nc6 6. Qf2 Bb7 7. Bd3 e6 8. a3 Be7 9. Nf3 Nf6 10. O-O O-O 11. h3 d5 12. e5 Nd7 13. Be3 Qc7 14. Ne2 Rad8 15. Ng5 h6 16. Qh4 d4 17. Nxd4 Nxd4 18. Bxd4 Nc5 19. Bxc5 Qxc5+ 20. Kh2 Rxd3 21. cxd3 hxg5 22. fxg5 Qxe5+ 23. Qg3 Qxb2 24. Rab1 Qxa3 25. Kh1 Bd6 26. Qe3 Qa2 27. Rg1 Qd5 28. g6 Bc5 29. Qg3 Bxg1 30. Rxg1 f6 31. Qh4 Rd8 32. Qh7+ Kf8 33. Qh8+ Ke7 34. Qxg7+ Kd6 35. Qxf6 Qxd3 36. Qxd8+ 1-0


[Site "https://www.chess.com"]

[Event "Titled Tuesday Blitz May 23 Early 2023"]
[White "Castillo Pena, Patricia Evarista"]
[Black "chessjazda"]
[WhiteFideId "6412106"]
[WhiteElo "1919"]
[BlackElo "2273"]
[Result "0-1"]
[Round "09"]
[TimeControl "180+2"]
[Date "2023.05.23"]
[WhiteClock "0:00:00"]
[BlackClock "0:01:43"]

1. d4 e6 2. Nf3 d5 3. e3 Bd6 4. Bd3 c6 5. b3 Nf6 6. Bb2 Nbd7 7. O-O b6 8. Ne5 Bb7 9. f4 Qe7 10. c4 Ne4 11. a3 f5 12. Qh5+ g6 13. Qe2 O-O 14. Nd2 Ndf6 15. b4 Nxd2 16. Qxd2 Ne4 17. Bxe4 fxe4 18. Rac1 Ba6 19. Rf2 Bxe5 20. fxe5 Bxc4 21. Rxc4 dxc4 22. Bc3 b5 23. Qe2 Rxf2 24. Qxf2 Rf8 25. Qe2 Qf7 26. h3 Qf5 0-1


[Site "https://www.chess.com"]

[Event "Titled Tuesday Blitz May 23 Early 2023"]
[White "Singgih, Diajeng Theresa"]
[Black "Silva Rosas, Natalia"]
[WhiteFideId "7104391"]
[BlackFideId "3000575"]
[WhiteElo "1891"]
[BlackElo "1651"]
[Result "1-0"]
[Round "09"]
[TimeControl "180+2"]
[Date "2023.05.23"]
[WhiteClock "0:00:19"]
[BlackClock "0:00:00"]

1. e4 c5 2. Nf3 d6 3. d4 cxd4 4. Nxd4 g6 5. Nc3 Bg7 6. Be3 a6 7. Be2 Nf6 8. O-O O-O 9. f4 Nc6 10. Nxc6 bxc6 11. Bf3 Qc7 12. Qe2 Be6 13. Bd4 Rfd8 14. Rad1 c5 15. Be3 Rab8 16. b3 c4 17. Nd5 Bxd5 18. exd5 cxb3 19. axb3 a5 20. Rd3 Qd7 21. c4 a4 22. bxa4 Qxa4 23. Rdd1 Qd7 24. g4 h6 25. h4 Nh7 26. g5 h5 27. Bxh5 Rb2 28. Qf3 gxh5 29. f5 Be5 30. Qxh5 Bh2+ 31. Kh1 Be5 32. Rf3 Rh2+ 33. Kg1 Rc2 34. g6 fxg6 35. fxg6 1-0


[Site "https://www.chess.com"]

[Event "Titled Tuesday Blitz May 23 Early 2023"]
[White "Piesik, Piotr"]
[Black "stratacticos"]
[WhiteFideId "1136194"]
[WhiteElo "2299"]
[BlackElo "1895"]
[Result "1-0"]
[Round "09"]
[TimeControl "180+2"]
[Date "2023.05.23"]
[WhiteClock "0:00:44"]
[BlackClock "0:00:10"]

1. Nf3 c5 2. e4 Nc6 3. Bb5 Na5 4. c3 a6 5. Ba4 b5 6. Bc2 Bb7 7. O-O g6 8. d4 cxd4 9. cxd4 Rc8 10. Nc3 Bg7 11. Re1 Qc7 12. Bd3 Nf6 13. e5 Nd5 14. Ne4 O-O 15. Bg5 f6 16. Rc1 Qb6 17. Rxc8 Rxc8 18. Bd2 Nc4 19. Bc1 fxe5 20. dxe5 Nxe5 21. Nxe5 Bxe5 22. Ng5 Bf6 23. Nxh7 Rxc1 24. Nxf6+ Nxf6 25. Qxc1 Ng4 26. Qf4 Nf6 27. Qg3 Nd5 28. Bxg6 Qf6 29. Be4+ Kf7 30. b3 e6 31. h3 Bc6 32. Qf3 Qxf3 33. Bxf3 Ne7 34. Bxc6 Nxc6 35. g4 d5 36. f4 Ke7 37. Kf2 Kd6 38. h4 Nd4 39. h5 1-0


[Site "https://www.chess.com"]

[Event "Titled Tuesday Blitz May 23 Early 2023"]
[White "Kostiukov, Alexandr"]
[Black "dDobravcan"]
[WhiteFideId "14108100"]
[WhiteElo "2202"]
[BlackElo "2119"]
[Result "1-0"]
[Round "09"]
[TimeControl "180+2"]
[Date "2023.05.23"]
[WhiteClock "0:02:10"]
[BlackClock "0:01:58"]

1. e4 d6 2. d4 Nf6 3. Nc3 c6 4. f4 Qa5 5. Nf3 d5 6. e5 Ne4 7. Bd3 Na6 8. O-O Nxc3 9. bxc3 g6 10. f5 gxf5 11. Ng5 e6 12. Qh5 Qc7 13. Bf4 Bd7 14. Bxf5 exf5 15. e6 1-0


[Site "https://www.chess.com"]

[Event "Titled Tuesday Blitz May 23 Early 2023"]
[White "Slayyy_200"]
[Black "MANOJ_MISHRA123"]
[WhiteElo "2085"]
[BlackElo "2229"]
[Result "0-1"]
[Round "09"]
[TimeControl "180+2"]
[Date "2023.05.23"]
[WhiteClock "0:00:19"]
[BlackClock "0:00:15"]

1. e4 Nf6 2. e5 Nd5 3. d4 d6 4. c4 Nb6 5. f4 dxe5 6. fxe5 Nc6 7. Be3 Bf5 8. Nf3 e6 9. Be2 Nb4 10. Na3 c5 11. O-O Be7 12. dxc5 Nd7 13. Nb5 Nxc5 14. Nd6+ Bxd6 15. exd6 Ne4 16. c5 O-O 17. a3 Nd5 18. Bf2 Nxf2 19. Rxf2 Rc8 20. Rc1 Qa5 21. Qd4 Rfd8 22. Ne5 Rxd6 23. Nc4 Qxc5 24. Nxd6 Qxc1+ 25. Rf1 Qc5 26. Nxf5 exf5 27. Qxc5 Rxc5 28. Rxf5 g6 29. Re5 Rc2 30. Bf3 Nf4 31. Rb5 Nd3 32. Kf1 b6 33. b4 Nf4 34. Re5 Rc1+ 35. Kf2 Nd3+ 36. Ke3 Nxe5 37. Kd4 Nc6+ 38. Bxc6 Rxc6 39. Kd5 Rc2 40. a4 Rxg2 0-1


[Site "https://www.chess.com"]

[Event "Titled Tuesday Blitz May 23 Early 2023"]
[White "Vargas, Mauricio"]
[Black "Clawitter, Craig"]
[WhiteFideId "4404572"]
[BlackFideId "2023105"]
[WhiteElo "1986"]
[BlackElo "2224"]
[Result "0-1"]
[Round "09"]
[TimeControl "180+2"]
[Date "2023.05.23"]
[WhiteClock "0:00:00"]
[BlackClock "0:00:59"]

1. e4 e6 2. f4 d5 3. e5 c5 4. Nf3 Nh6 5. h3 Nf5 6. Nc3 Nc6 7. Nb1 Be7 8. Bb5 Bh4+ 9. Kf1 Ng3+ 10. Kg1 Nxh1 11. Kxh1 O-O 12. Bxc6 bxc6 13. d3 Be7 14. g4 f6 15. exf6 Bxf6 16. Qe1 Rb8 17. c3 Qd6 18. g5 Bd8 19. Ne5 Ba6 20. Qg3 Bc7 21. Nd2 Rxf4 22. Qxf4 Rf8 23. Qxf8+ Qxf8 24. Nef3 Bxd3 25. Kg2 Be4 26. b3 Qf4 0-1


[Site "https://www.chess.com"]

[Event "Titled Tuesday Blitz May 23 Early 2023"]
[White "Corredor Castellanos, Camilo"]
[Black "Mirimanian, Hayk"]
[WhiteFideId "4425871"]
[BlackFideId "4700180"]
[WhiteElo "1994"]
[BlackElo "2280"]
[Result "0-1"]
[Round "09"]
[TimeControl "180+2"]
[Date "2023.05.23"]
[WhiteClock "0:01:29"]
[BlackClock "0:00:33"]

1. e4 c5 2. Nf3 d6 3. d4 cxd4 4. Nxd4 Nf6 5. Nc3 a6 6. Bg5 e6 7. f4 Qb6 8. Qd2 Qxb2 9. Rb1 Qa3 10. e5 dxe5 11. fxe5 Nfd7 12. Ne4 Qxa2 13. Rb3 h6 14. Bh4 Qa1+ 15. Kf2 Nc6 16. Nxc6 bxc6 17. Nd6+ Bxd6 18. Qxd6 g5 19. Qxc6 Qd4+ 20. Re3 Qa7 21. Bc4 Bb7 22. Qd6 Rc8 23. Bxe6 Rxc2+ 24. Kf1 Bxg2+ 0-1


[Site "https://www.chess.com"]

[Event "Titled Tuesday Blitz May 23 Early 2023"]
[White "Campos, Maria Jose"]
[Black "Palencia Morales, Wilson Guillermo"]
[WhiteFideId "146803"]
[BlackFideId "4401859"]
[WhiteElo "2170"]
[BlackElo "2144"]
[Result "0-1"]
[Round "09"]
[TimeControl "180+2"]
[Date "2023.05.23"]
[WhiteClock "0:01:24"]
[BlackClock "0:01:42"]

1. c4 c5 2. g3 g6 3. Bg2 Bg7 4. Nc3 Nc6 5. d3 Nf6 6. Qd2 O-O 7. b3 d6 8. Bb2 Qd7 9. f4 b6 10. Nf3 Bb7 11. O-O Rfe8 12. e3 e5 13. Rae1 e4 14. dxe4 Nxe4 15. Nxe4 Rxe4 16. Bxg7 Kxg7 17. Ng5 Ree8 18. Qc3+ f6 19. Ne4 Qe7 20. Rd1 Rad8 21. Rfe1 Nb4 22. Nxd6 Rxd6 23. Rxd6 Bxg2 24. Red1 Bh3 25. e4 Qxe4 26. Rxf6 Qg2# 0-1


[Site "https://www.chess.com"]

[Event "Titled Tuesday Blitz May 23 Early 2023"]
[White "Mayaud, Raphael"]
[Black "Castellanos Hernandez, Emilio Au"]
[WhiteFideId "627151"]
[BlackFideId "5114179"]
[WhiteElo "2191"]
[BlackElo "2037"]
[Result "1-0"]
[Round "09"]
[TimeControl "180+2"]
[Date "2023.05.23"]
[WhiteClock "0:01:36"]
[BlackClock "0:02:51"]

1. d4 c5 2. d5 Nf6 3. Bg5 d6 4. Bxf6 gxf6 5. Nc3 Bd7 6. e4 b5 7. Bxb5 Bxb5 8. Nxb5 Qa5+ 9. Nc3 Nd7 10. Ne2 Bg7 11. O-O Ne5 12. Ng3 Nc4 13. Nf5 Nxb2 14. Nxg7+ Kf8 15. Qc1 Qxc3 16. Qh6 f5 17. Ne6+ Ke8 18. Nc7+ 1-0


[Site "https://www.chess.com"]

[Event "Titled Tuesday Blitz May 23 Early 2023"]
[White "Grischuk, Alexander"]
[Black "Hakobyan, Aram"]
[WhiteFideId "4126025"]
[BlackFideId "13306677"]
[WhiteElo "2721"]
[BlackElo "2584"]
[Result "1-0"]
[Round "10"]
[TimeControl "180+2"]
[Date "2023.05.23"]
[WhiteClock "0:00:07"]
[BlackClock "0:00:02"]

1. Nf3 g6 2. e4 Bg7 3. d4 Nf6 4. e5 Ne4 5. Bd3 d5 6. exd6 Nxd6 7. h3 O-O 8. O-O Nc6 9. c3 e5 10. dxe5 Nxe5 11. Nxe5 Bxe5 12. Nd2 Bf5 13. Nf3 Bg7 14. Bf4 Re8 15. Bxd6 Bxd3 16. Qxd3 Re6 17. Rfe1 Rxd6 18. Qc4 a5 19. Re2 Bf6 20. Rae1 Kg7 21. Ne5 Rd5 22. Ng4 c6 23. Qf4 Bg5 24. Qf3 Rf5 25. Qe4 Qd5 26. g3 Qxe4 27. Rxe4 Rd5 28. h4 Bd2 29. R1e2 h5 30. Nh2 Rad8 31. Nf3 Bc1 32. Kg2 Kf8 33. a4 b5 34. Ne5 R5d6 35. Rc2 Bh6 36. Nf3 Bg7 37. b3 Bf6 38. axb5 cxb5 39. Re1 a4 40. bxa4 bxa4 41. Ra1 Ra6 42. Rca2 Rda8 43. Nd4 Bxd4 44. cxd4 a3 45. Kf3 Ke7 46. Ke4 Kd6 47. Rc1 Ra4 48. Rc3 Re8+ 49. Kf3 Rea8 50. Ke4 f5+ 51. Kf3 Kd5 52. Ke3 Re8+ 53. Kf3 Rea8 54. Ke3 R4a5 55. Kd3 R8a7 56. Ke3 Re7+ 57. Kd3 Rea7 58. Ke3 Kd6 59. Kd3 Ra4 60. Ke3 Kd5 61. Rc5+ Ke6 62. Rc3 Kd6 63. Kd3 Ke7 64. Ke3 Kf6 65. Rc6+ Kf7 66. Rc3 Re7+ 67. Kf3 Rea7 68. Ke3 Ke6 69. Rc6+ Kd5 70. Rc5+ Kd6 71. Rc3 R7a5 72. Kd3 Kd5 73. Ke3 Ra6 74. Rc5+ Ke6 75. Rc3 Kd6 76. Kd3 R6a5 77. Ke3 Kd5 78. Rd3 Kc4 79. d5 Ra8 80. d6 Re8+ 81. Kd2 Rd8 82. Raxa3 Rxa3 83. Rxa3 Rxd6+ 84. Ke3 Re6+ 85. Kf4 Re4+ 86. Kg5 Rg4+ 87. Kf6 Kd5 88. Re3 f4 89. Re5+ Kd4 90. Rg5 fxg3 91. fxg3 Ke4 92. Rxg4+ hxg4 93. Kxg6 Kf3 94. h5 Kxg3 95. h6 Kf2 96. h7 g3 97. h8=Q g2 98. Qd4+ Kf1 99. Qf4+ Ke2 100. Qg3 Kf1 101. Qf3+ Kg1 102. Kf5 Kh2 103. Qf2 Kh1 104. Qh4+ Kg1 105. Kf4 Kf1 106. Qh3 Kf2 107. Qf3+ Ke1 108. Qxg2 1-0


[Site "https://www.chess.com"]

[Event "Titled Tuesday Blitz May 23 Early 2023"]
[White "Sjugirov, Sanan"]
[Black "Demchenko, Anton"]
[WhiteFideId "4189302"]
[BlackFideId "4160258"]
[WhiteElo "2569"]
[BlackElo "2545"]
[Result "0-1"]
[Round "10"]
[TimeControl "180+2"]
[Date "2023.05.23"]
[WhiteClock "0:00:00"]
[BlackClock "0:00:07"]

1. d4 Nf6 2. c4 d6 3. Nc3 e5 4. d5 Bf5 5. g3 Nbd7 6. Bg2 e4 7. Nh3 g6 8. f3 Ne5 9. Nf2 exf3 10. exf3 Bd7 11. Qe2 Be7 12. Bh6 Rg8 13. Bd2 g5 14. O-O Bf5 15. g4 Bg6 16. Bxg5 h5 17. Bxf6 Bxf6 18. f4 hxg4 19. fxe5 Bxe5 20. Nxg4 Bh5 21. h3 Bxg4 22. hxg4 Qh4 23. Rf3 Rxg4 24. Kf1 O-O-O 25. Bh3 f5 26. Qf2 Qh5 27. Ke1 Kb8 28. Kd2 Qh6+ 29. Kc2 Rxc4 30. Re1 Bxc3 31. Rxc3 Rxc3+ 32. bxc3 Qxh3 33. Qf4 Qg2+ 34. Kb1 Qxd5 35. Qg5 Rc8 36. Qf6 Qb5+ 37. Ka1 a6 38. Qf7 Qc5 39. Qb3 Rh8 40. Rb1 b6 41. Rf1 Rh3 42. Kb2 Rh2+ 43. Ka1 f4 44. Qg8+ Ka7 45. Qg7 f3 46. Rxf3 Rh1+ 47. Kb2 Qb5+ 48. Kc2 Qa4+ 49. Kd3 Qd1+ 50. Ke3 Re1+ 51. Kf4 Qd2+ 52. Kf5 Qc2+ 53. Kf6 Kb7 54. Qf7 Re5 55. Qc4 Qh7 56. Qf7 Qh6+ 57. Qg6 Re6+ 58. Kxe6 Qxg6+ 59. Kd7 Qg4+ 60. Kd8 Qxf3 61. c4 Qc3 62. c5 Qxc5 0-1


[Site "https://www.chess.com"]